 Dungeon Crawl Stone Soup version 0.26-a0-542-gbaa144ba5c (webtiles) character file.

Game seed: 16541169816241169835

4441 MrRokkomies the Nimble (level 10, -3/60 HPs)
             Began as a Tengu Venom Mage on Aug 18, 2020.
             Was a Believer of Sif Muna.
             Slain by a bullfrog (4 damage)
             ... on level 12 of the Dungeon.
             The game lasted 00:21:25 (12330 turns).

MrRokkomies the Nimble (Tengu Venom Mage)          Turns: 12330, Time: 00:21:25

Health: -3/60      AC: -4    Str:  9    XL:     10   Next: 37%
Magic:  15/17      EV: 21    Int: 24    God:    Sif Muna [**....]
Gold:   659        SH:  0    Dex: 15    Spells: 4/17 levels left

rFire    + . .     SeeInvis .   a - +1 dagger (holy)
rCold    + . .     Faith    .   l - +0 buckler
rNeg     . . .     Spirit   .   s - +2 robe {rC+ rF+}
rPois    .         Reflect  .   (helmet restricted)
rElec    .         Harm     .   (no cloak)
rCorr    .                      (no gloves)
MR       .....                  (boots unavailable)
Stlth    +.........             (no amulet)
HPRegen  0.20/turn              g - +4 ring of slaying
MPRegen  0.15/turn              m - +6 ring of intelligence

@: confused, corroded, flying quickly and evasively, quick
A: beak, talons 3, able to fly
a: Stop Flying, Channel Magic, Renounce Religion


You were on level 12 of the Dungeon.
You worshipped Sif Muna.
Sif Muna was pleased with you.
You visited 2 branches of the dungeon, and saw 12 of its levels.

You collected 659 gold pieces.

Inventory:

Hand Weapons
 a - a +1 dagger of holy wrath (weapon)
Missiles
 k - 6 boomerangs
 p - 11 javelins (quivered)
Armour
 l - a +0 buckler (worn)
 s - a +2 robe of resistance (worn)
Magical Staves
 h - an uncursed staff of fire
Jewellery
 g - a +4 ring of slaying (left hand)
 i - an uncursed ring of protection from fire
 m - a +6 ring of intelligence (right hand)
Wands
 x - a wand of disintegration (5)
Scrolls
 b - a scroll of enchant weapon
 d - 10 scrolls of identify
 j - 5 scrolls of magic mapping
 n - 5 scrolls of teleportation
 o - a scroll of immolation {unknown}
 q - a scroll of remove curse
 t - a scroll of enchant armour
 v - a scroll of amnesia
Potions
 e - 2 potions of brilliance
 f - 2 potions of stabbing
 r - a potion of mutation
Miscellaneous
 w - a lightning rod (4/4)


   Skills:
 + Level 5.8 Fighting
 * Level 8.3 Dodging
 - Level 2.0 Stealth
 - Level 4.0 Shields
 - Level 4.0 Spellcasting
 - Level 0.7 Transmutations
 + Level 7.8 Poison Magic
 * Level 6.0 Invocations


You had 4 spell levels left.
You knew the following spells:

 Your Spells              Type           Power        Failure   Level
a - Sting                 Tmut/Pois      ####         1%          1
b - Poisonous Vapours     Pois/Air       ###...       3%          2
c - Mephitic Cloud        Conj/Pois/Air  ###.....     10%         3
d - Ignite Poison         Fire/Tmut/Pois ###.....     9%          3
e - Olgreb's Toxic Radia  Pois           #####...     3%          4

Your spell library contained the following spells:

 Spells                   Type           Power        Failure   Level
 Animate Skeleton         Necr           #.....       10%         1
 Apportation              Tloc           #.....       10%         1
 Corona                   Hex            #......      10%         1
 Foxfire                  Conj/Fire      #...         10%         1
 Summon Small Mammal      Summ           #...         10%         1
 Conjure Flame            Conj/Fire      #.......     28%         3
 Inner Flame              Hex/Fire       #.......     28%         3
 Sticky Flame             Conj/Fire      #.......     67%         4
 Fireball                 Conj/Fire      #.........   95%         5


Dungeon Overview and Level Annotations

Branches:
Dungeon (10/15)            Temple (1/1) D:5             Orc (0/2) D:12
   Lair: D:8-11

Altars:
Ashenzari
Cheibriados
Dithmenos
Elyvilon
Fedhas
Gozag
Hepliaklqana
Kikubaaqudgha
Makhleb
Nemelex Xobeh
Okawaru
Qazlal
Ru
Sif Muna
Trog
Uskayaw
Vehumet
Wu Jian
Xom
Yredelemnul
Zin
The Shining One

Shops:
D:4 =   D:6 ?   D:9 ?

Annotations:
D:10 exclusion: oklob plant


Innate Abilities, Weirdness & Mutations

You have a beak for a mouth.
You have claws for feet.
You can fly continuously.


Message History

You are more confused.
* * * LOW HITPOINT WARNING * * *
The bullfrog is engulfed in noxious fumes.
The bullfrog appears confused.
You are engulfed in noxious fumes.
You choke on the stench!
You are more confused.
* * * LOW HITPOINT WARNING * * *
You are engulfed in noxious fumes.
You choke on the stench!
You are more confused.
* * * LOW HITPOINT WARNING * * *
You hit the bullfrog but do no damage. Your kick misses the bullfrog.
The bullfrog is lightly wounded.
The bullfrog hits you!
* * * LOW HITPOINT WARNING * * *
The bullfrog barely misses you.
You barely miss the bullfrog.
You peck the bullfrog, but do no damage.
The bullfrog is lightly wounded.
The bullfrog hits you.
You die...

#....# #....# #....#
#.##.# #.##.# #.##.#
#.##.# #....# ######
#F@..# .....# #....#
.....# #..#.# .##..#
#####....#
.....######........#
...................#
.##.........#....#.#
.................#.#
...................#


You could see a bullfrog (confused).

Vanquished Creatures
  An unseen horror (D:10)
  A troll (D:10)
  A hornet (D:12)
  2 hippogriffs
  Sigmund (D:6)
  An acid dragon (D:12)
  A soldier ant (D:10)
  Duvessa (D:7)
  2 ice beasts (D:8)
  5 orc warriors
  Purgy (D:4)
  A phantom (D:10)
  5 ogres
  3 centaurs
  A bullfrog (D:7)
  Dowan (D:7)
  A scorpion (D:7)
  An oklob sapling (D:10)
  3 jellies
  A quasit (D:7)
  2 orc priests
  2 bullfrog skeletons (D:4)
  5 hounds
  4 orc wizards
  5 worker ants
  A hound zombie (D:5)
  A worker ant zombie (D:10)
  15 adders
  3 gnolls (D:5)
  2 oozes
  An adder skeleton (D:5)
  3 worms
  4 dart slugs
  6 leopard geckos
  24 orcs
  9 ball pythons
  7 bats
  7 giant cockroaches
  7 goblins
  7 hobgoblins
  9 jackals
  4 quokkas
  8 frilled lizards
  A giant cockroach zombie (D:6)
  A kobold (D:1)
  A leopard gecko skeleton (D:8)
  A quokka skeleton (D:5)
  5 rats
179 creatures vanquished.

Vanquished Creatures (others)
  An orc wizard (D:10)
  A goblin (D:1)
2 creatures vanquished.

Grand Total: 181 creatures vanquished

Notes
Turn   | Place    | Note
-------+----------+-------------------------------------------
     0 | D:1      | MrRokkomies the Tengu Venom Mage began the quest for the
                  | Orb.
     0 | D:1      | Reached XP level 1. HP: 10/10 MP: 4/4
   134 | D:1      | Reached XP level 2. HP: 15/15 MP: 4/6
   364 | D:1      | Reached XP level 3. HP: 20/20 MP: 7/7
   892 | D:1      | Reached skill level 1 in Fighting
   962 | D:1      | Reached skill level 3 in Dodging
  1125 | D:2      | Reached XP level 4. HP: 10/25 MP: 4/8
  1288 | D:2      | Learned a level 2 spell: Poisonous Vapours
  1292 | D:2      | Learned a level 3 spell: Mephitic Cloud
  1407 | D:2      | Found a stormy altar of Qazlal.
  2778 | D:3      | Gained mutation: You can fly continuously. [Tengu growth]
  2778 | D:3      | Reached XP level 5. HP: 16/29 MP: 2/9
  2973 | D:3      | Reached skill level 1 in Shields
  4103 | D:4      | Noticed a phantom
  4866 | D:4      | Noticed Purgy
  4876 | D:4      | Killed Purgy
  4876 | D:4      | Reached XP level 6. HP: 31/35 MP: 1/11
  5320 | D:4      | Found Foixt's Jewellery Boutique.
  5814 | D:5      | Entered Level 5 of the Dungeon
  5821 | D:5      | Found a staircase to the Ecumenical Temple.
  5841 | Temple   | Entered the Ecumenical Temple
  6183 | D:5      | Reached skill level 5 in Poison Magic
  6183 | D:5      | Reached XP level 7. HP: 15/40 MP: 8/12
  6746 | D:5      | Learned a level 3 spell: Ignite Poison
  7166 | D:6      | Noticed Sigmund
  7188 | D:6      | Killed Sigmund
  7188 | D:6      | Reached XP level 8. HP: 33/46 MP: 3/14
  7307 | D:6      | Learned a level 4 spell: Olgreb's Toxic Radiance
  7853 | D:6      | Found Noacs's Magic Scroll Shop.
  7925 | D:6      | Found a shimmering blue altar of Sif Muna.
  7931 | D:6      | Became a worshipper of Sif Muna the Loreminder
  8079 | D:7      | Reached skill level 4 in Dodging
  8152 | D:7      | Reached skill level 1 in Invocations
  8248 | D:7      | Noticed a hippogriff
  8256 | D:7      | Killed a hippogriff
  8256 | D:7      | Reached skill level 5 in Dodging
  8557 | D:7      | Noticed Duvessa
  8557 | D:7      | Noticed Dowan
  8567 | D:7      | Killed Duvessa
  8567 | D:7      | Killed Dowan
  8567 | D:7      | Reached XP level 9. HP: 36/52 MP: 5/16
  9336 | D:8      | Reached skill level 6 in Dodging
  9984 | D:9      | Found Fosubilian's Magic Scroll Boutique.
 10014 | D:9      | Noticed a seven-headed hydra
 10349 | D:10     | Entered Level 10 of the Dungeon
 10357 | D:10     | Reached * piety under Sif Muna
 10377 | D:10     | Found a blossoming altar of Fedhas.
 10494 | D:10     | Noticed an oklob plant
 10995 | D:10     | Reached skill level 5 in Fighting
 10995 | D:10     | Noticed a troll
 11003 | D:10     | Killed a troll
 11003 | D:10     | Reached skill level 7 in Dodging
 11296 | D:10     | Reached skill level 5 in Invocations
 11846 | D:10     | Killed an unseen horror
 11846 | D:10     | Reached XP level 10. HP: 24/60 MP: 8/17
 12081 | D:10     | You are sucked into a shaft and drop 2 floors!
 12085 | D:12     | Reached skill level 8 in Dodging
 12085 | D:12     | Reached ** piety under Sif Muna
 12206 | D:12     | Found a staircase to the Orcish Mines.
 12329 | D:12     | HP: 1/60 [bullfrog (7)]
 12330 | D:12     | Slain by a bullfrog

Illustrated notes

Levels and vault maps discovered:
D:1:      minmay_arrival_widening_spiral_wide, layout_basic, minmay_quantized
D:2:      layout_basic, nicolae_qazlal_general_emergency
D:3:      layout_basic
D:4:      layout_loops_ring, kennysheep_small_square, uniq_purgy
D:5:      layout_rooms, minmay_temple_entry_tees
D:6:      layout_cave_pools, led_sif_pool, serial_shops, kennysheep_mini_moat,
          uniq_sigmund
D:7:      layout_loops_ring, minmay_stone_trees_medium, uniq_duvessa
D:8:      layout_basic
D:9:      layout_basic, serial_shops, nicolae_shop_trees, minmay_evil_grid
D:10:     layout_loops_ring, introduction_to_nature_1
D:12:     layout_stronghold, david_orc_4
Temple:   regret_index_temple_sigil_plot

Skill      XL: |  1  2  3  4  5  6  7  8  9 10 |
---------------+-------------------------------+-----
Fighting       | 1 2 3 4 5 |  5.8
Dodging        | 3 5 7 8 |  8.3
Poison Magic   | 4 5 6 7 |  7.8
Shields        | 2 4 |  4.0
Spellcasting   | 3 4 |  4.0
Invocations    | 3 5 6 |  6.0
Stealth        | |  2.0
Transmutations | |  0.7

Action                   |  1- 3 |  4- 6 |  7- 9 | 10-12 || total
-------------------------+-------+-------+-------+-------++-------
Melee: Unarmed           |     6 |       |       |       ||     6
       Kick              |    25 |    40 |    49 |     2 ||   116
       Peck              |     7 |    21 |    29 |     2 ||    59
       Dagger            |    56 |    54 |   180 |     6 ||   296
       Short sword       |    17 |   110 |       |       ||   127
 Cast: Sting             |    12 |    19 |    24 |     1 ||    56
       Poisonous Vapours |       |    14 |    27 |       ||    41
       Olgreb's Toxic Ra |       |       |     7 |     2 ||     9
       Ignite Poison     |       |       |    11 |     2 ||    13
       Mephitic Cloud    |       |       |    10 |     1 ||    11
 Abil: Fly               |       |     1 |       |       ||     1
Evoke: Wand              |       |       |     7 |     1 ||     8
  Use: Potion            |       |     2 |     1 |     1 ||     4
       Scroll            |       |    11 |     3 |       ||    14
 Stab: Sleeping          |     6 |     4 |     4 |     1 ||    15
Armor: Robe              |    11 |    26 |    14 |       ||    51
       Skin              |       |       |     8 |       ||     8
Dodge: Dodged            |    55 |   150 |   167 |    11 ||   383
Block: Buckler           |       |    23 |    45 |       ||    68

Table legend: (Time is in decaauts)
 A = Elapsed time spent in this place.
 B = Non-inter-level travel time spent in this place.
 C = Inter-level travel time spent in this place.
 D = Time resting spent in this place.
 E = Time spent auto-exploring this place.
 F = Levels seen in this place.
 G = Mean time per level.
                   A        B        C        D        E       F      G
               +--------+--------+--------+--------+--------+-----+--------+
         Total |  11958 |  11751 |    207 |   2354 |   7790 |  12 |  996.5 |
       Dungeon |  11707 |  11537 |    170 |   2354 |   7577 |  11 | 1064.3 |
        Temple |    250 |    213 |     37 |      0 |    212 |   1 |  250.0 |
               +--------+--------+--------+--------+--------+-----+--------+

Top non-repeatable levels by time:
     D:3: 2057 daAuts
    D:10: 1688 daAuts
     D:4: 1365 daAuts
     D:2: 1301 daAuts
     D:1: 1051 daAuts
     D:7: 1009 daAuts
     D:6: 982 daAuts
     D:5: 851 daAuts
     D:8: 694 daAuts
     D:9: 471 daAuts
  Temple: 250 daAuts
    D:12: 235 daAuts
